Map: Proxima Station LE

Players

herO - Winner!

  • Race: Protoss Protoss
  • League: Master
  • Spawn Location: 7:00

INnoVation

  • Race: Terran Terran
  • Spawn Location: 1:00

VOD

Have the link to the VOD?

Description

Time

  • Played on: July 28, 2017, 10:47 p.m.
  • Length: 10:26
Show
View Real Time Build Order
Export as new Build Order

herO Protoss - Winner!

Build Orders: 1 Gate Expand, Oracle Opening 

Get SALT Encoding   

  12  0:00  Probe (Chrono Boost)  
  13  0:11  Probe (Chrono Boost)  
  14  0:17  Pylon  
  14  0:21  Probe (Chrono Boost)  
  16  0:35  Probe (Chrono Boost)  
  16  0:36  Gateway  
  16  0:43  Assimilator  
  16  0:46  Probe (Chrono Boost)  
  17  0:56  Probe (Chrono Boost)  
  18  1:07  Probe (Chrono Boost)  
  19  1:18  Nexus  
  19  1:29  Cybernetics Core  
  20  1:32  Probe (Chrono Boost)  
  20  1:39  Assimilator  
  20  1:43  Probe (Chrono Boost)  
  21  1:48  Pylon  
  21  1:54  Probe (Chrono Boost)  
  22  2:04  Probe (Chrono Boost)  
  22  2:06  Adept (Chrono Boost)  
  25  2:12  Stargate  
  25  2:16  Probe  
  25  2:19  Warp Gate  
  26  2:28  Probe (Chrono Boost)  
  29  2:32  Probe (Chrono Boost)  
  30  2:39  Probe (Chrono Boost)  
  30  2:43  Probe (Chrono Boost)  
  32  2:49  Probe (Chrono Boost)  
  31  2:52  Probe (Chrono Boost)  
  31  2:55  Oracle (Chrono Boost)  
  35  3:00  Probe  
  35  3:02  Probe  
  36  3:13  Probe x2  
  36  3:18  Nexus  
  38  3:24  Probe  
  38  3:25  Probe  
  40  3:29  Oracle (Chrono Boost)  
  40  3:33  Pylon  
  43  3:34  Probe  
  43  3:37  Probe  
  45  3:48  Probe  
  45  3:51  Probe (Chrono Boost)  
  47  3:56  Gateway  
  47  3:57  Gateway  
  47  4:00  Probe (Chrono Boost)  
  48  4:04  Mothership Core (Chrono Boost)  
  48  4:06  Assimilator  
  48  4:08  Assimilator  
  50  4:11  Probe (Chrono Boost), Pylon  
  51  4:21  Probe (Chrono Boost)  
  51  4:22  Probe (Chrono Boost)  
  51  4:23  Twilight Council  
  51  4:24  Forge  
  53  4:30  Sentry  
  53  4:31  Probe (Chrono Boost)  
  56  4:32  Probe x2 (Chrono Boost)  
  58  4:41  Probe (Chrono Boost)  
  58  4:42  Probe (Chrono Boost)  
  58  4:43  Probe (Chrono Boost)  
  61  4:45  Pylon  
  61  4:48  Gateway  
  61  4:50  Resonating Glaives  
  61  4:51  Sentry x2  
  61  4:52  Probe (Chrono Boost)  
  66  4:53  Probe x2 (Chrono Boost)  
  66  4:57  Pylon  
  66  4:59  Protoss Ground Weapons Level 1 (Chrono Boost)  
  68  5:03  Probe (Chrono Boost)  
  68  5:04  Probe x2 (Chrono Boost)  
  71  5:09  Phoenix  
  73  5:14  Probe  
  73  5:16  Probe x2  
  76  5:25  Gateway, Adept  
  76  5:26  Gateway  
  76  5:27  Adept  
  80  5:29  Adept  
  80  5:31  Probe  
  80  5:33  Probe x2  
  85  5:36  Pylon  
  85  5:50  Gateway, Robotics Facility  
  85  5:51  Gateway  
  85  5:54  Adept  
  85  5:55  Adept x2  
  91  5:58  Adept  
  91  6:00  Gateway  
  93  6:06  Gateway  
  93  6:10  Pylon  
  93  6:12  Pylon  
  93  6:15  Adept  
  93  6:16  Adept  
  93  6:18  Blink  
  97  6:20  Adept x2  
  101  6:31  Pylon  
  101  6:37  Protoss Ground Weapons Level 2 (Chrono Boost)  
  101  6:38  Stalker x2  
  101  6:39  Pylon  
  105  6:42  Stalker x2  
  109  6:54  Adept x2  
  113  6:57  Photon Cannon, Pylon  
  113  7:07  Adept x6  
  108  7:15  Probe  
  96  7:16  Probe x2, Gateway  
  99  7:23  Adept x2  
  99  7:28  Adept x6  
  107  7:37  Probe x2  
  107  7:38  Probe  
  107  7:39  Observer (Chrono Boost)  
  107  7:49  Stalker x3  
  107  7:50  Stalker x4  
  119  7:54  Adept  
  119  8:07  Pylon  
  119  8:12  Adept x4  
  125  8:13  Adept x4  
  125  8:14  Adept  
  137  8:25  Warp Prism (Chrono Boost)  
  118  8:37  Probe x3, Assimilator x2  
  121  8:45  Adept x9  
  139  8:48  Pylon  
  103  9:16  Stalker x9  
  114  9:41  Zealot, Stalker x4  
  114  9:42  Zealot x4  
  130  9:50  Nexus  
  130  9:51  Pylon  
  130  9:58  Pylon  
  114  10:07  Adept x6  
  114  10:08  Adept  
  114  10:09  Adept  
  114  10:11  Adept  
Show
View Real Time Build Order
Export as new Build Order

INnoVation Terran 

Build Orders: Command Center First (CC), MMM Bio 

Get SALT Encoding   

  12  0:00  SCV  
  13  0:12  SCV  
  14  0:18  Supply Depot  
  14  0:24  SCV  
  15  0:39  SCV  
  16  0:51  SCV  
  17  0:59  Command Center  
  17  1:03  SCV  
  18  1:12  Barracks  
  18  1:16  SCV  
  19  1:28  SCV  
  19  1:31  Barracks  
  20  1:40  SCV  
  20  1:43  Barracks  
  21  1:52  SCV  
  22  1:59  Marine  
  23  2:05  Orbital Command  
  23  2:11  Orbital Command  
  23  2:17  Marine  
  23  2:18  Marine  
  25  2:25  Refinery  
  25  2:26  Refinery  
  25  2:30  SCV  
  25  2:35  Marine x2  
  25  2:36  Marine  
  29  2:39  SCV  
  29  2:42  SCV  
  31  2:49  Supply Depot  
  31  2:50  Engineering Bay  
  31  2:54  SCV x2  
  33  2:59  Barracks Tech Lab  
  33  3:01  Marine x2  
  35  3:06  SCV x2  
  35  3:11  Supply Depot  
  37  3:16  Missile Turret  
  37  3:18  Stimpack  
  37  3:21  SCV x2  
  37  3:23  Marine  
  37  3:26  Barracks Reactor  
  40  3:28  Supply Depot  
  40  3:35  Barracks Reactor, SCV x2  
  40  3:41  Marine  
  42  3:47  SCV x2  
  44  3:56  Factory  
  44  3:57  Missile Turret  
  44  3:59  SCV x2  
  46  4:03  Marine x2  
  46  4:04  Marine  
  49  4:11  SCV  
  49  4:12  SCV, Terran Infantry Weapons Level 1  
  49  4:13  Marine x2  
  49  4:16  Supply Depot  
  53  4:21  Marine x3  
  53  4:24  SCV x2  
  58  4:29  Supply Depot  
  58  4:32  Refinery  
  58  4:33  Marine x2  
  58  4:36  SCV x2  
  62  4:39  Supply Depot  
  62  4:42  Starport  
  62  4:43  Factory Reactor  
  60  4:47  Marine x3  
  60  4:51  Marine x2  
  60  4:52  SCV x2  
  67  4:57  Supply Depot  
  67  5:05  Marine x2  
  69  5:07  Marauder  
  69  5:08  SCV x2, Marine x2  
  75  5:20  SCV x2, Supply Depot  
  75  5:25  Combat Shields  
  75  5:28  Marine x3  
  75  5:29  Marine  
  75  5:30  Medivac x2  
  75  5:32  SCV  
  75  5:33  SCV  
  85  5:35  Factory Reactor  
  85  5:37  Supply Depot  
  85  5:41  Marauder, Refinery  
  87  5:45  SCV  
  87  5:46  SCV  
  87  5:47  Supply Depot  
  89  5:52  Marine x4  
  93  6:00  Medivac  
  93  6:02  Medivac  
  97  6:07  Command Center  
  97  6:11  Marine x4  
  99  6:13  Widow Mine  
  99  6:14  Widow Mine  
  105  6:18  Terran Infantry Armor Level 1  
  105  6:20  Marauder  
  105  6:24  Liberator  
  105  6:25  Supply Depot  
  107  6:30  Marine  
  107  6:31  Marine x3  
  111  6:35  Supply Depot  
  111  6:40  Liberator  
  111  6:41  Widow Mine  
  111  6:42  Marauder  
  111  6:46  Widow Mine  
  120  6:53  Marine  
  120  6:54  Marine x3  
  121  7:00  Supply Depot  
  125  7:03  Marauder  
  105  7:08  Liberator  
  105  7:11  Marine x3  
  105  7:12  Marine  
  103  7:16  Widow Mine x2  
  103  7:20  Orbital Command  
  103  7:22  SCV x2  
  109  7:24  Marauder  
  114  7:35  Liberator  
  114  7:36  Marine x4  
  110  7:44  Widow Mine x2  
  110  7:46  Marauder  
  110  7:49  Barracks  
  110  7:50  Barracks  
  112  7:51  Liberator  
  112  7:54  Marine x4  
  119  8:00  SCV  
  119  8:01  SCV x2  
  122  8:07  Marauder  
  127  8:12  Marine  
  127  8:13  Marine x3  
  127  8:14  Widow Mine x2  
  127  8:16  SCV x3, Refinery  
  129  8:29  Marauder  
  129  8:32  Liberator, SCV x3  
  73  8:34  Liberator  
  106  8:37  Barracks Tech Lab  
  106  8:38  Barracks Tech Lab, Marine x4  
  106  8:40  Refinery  
  107  8:41  Starport  
  107  8:43  Missile Turret  
  107  8:44  SCV x2  
  102  8:50  Marauder  
  110  8:56  Marine x4  
  110  9:00  SCV x3  
  94  9:06  Marauder, Marine  
  83  9:11  Marine  
  83  9:12  SCV x3  
  83  9:14  Marine x2  
  83  9:15  Liberator  
  83  9:17  Liberator  
  89  9:24  Marauder, SCV  
  89  9:28  Marauder  
  89  9:29  Marauder  
  85  9:34  Marine x2  
  85  9:35  Marine  
  85  9:41  Medivac  
  85  9:42  Medivac  
  87  9:46  Marauder  
  87  9:49  Marauder, Marine  
  87  9:51  Marauder  
  87  9:52  Marine x3  
  87  10:07  Marine  
Tags
 
Add a new tag
Caveats
  • Supply blocks, unpowered buildings, or Contaminate may cause inaccurate times.
  • Supply counts are checked every 10 seconds.